 Dungeon Crawl Stone Soup version 0.31.0-7-gf635a9b802 (webtiles) character file.

Game seed: 15436120584752787149

3195129 LobsterGuardian the Merry Octopus (level 27, 201/201 HPs)
             Began as an Octopode Hunter on Jan 22, 2024.
             Was the Champion of Hepliaklqana.
             Escaped with the Orb
             ... and 5 runes on Jan 24, 2024!
             The game lasted 05:37:13 (70861 turns).

LobsterGuardian the Merry Octopus (OpHu)           Turns: 70861, Time: 05:37:13

Health: 201/201    AC:  8    Str: 16    XL:     27
Magic:  26/26      EV: 47    Int: 23    God:    Hepliaklqana [******]
Gold:   6390       SH:  0    Dex: 34    Spells: 9/40 levels left

rFire   + . .        g - +4 triple crossbow "Iqimazu" {speed, Dex+2}
rCold   + . .        (shield currently unavailable)
rNeg    + + .        R - +2 hat of the Boiling Point {Fly Slay+3}
rPois   +            Z - amulet "Boreq" {rPois Will+ Regen+}
rElec   +            h - +6 ring of dexterity
rCorr   .            w - +6 ring of dexterity
SInv    +            n - ring of Fufa {rPois rN+}
Will    +++..        Y - ring "Orihujul" {Slay+5 SInv}
Stlth   +++          B - ring of protection from fire
HPRegen 1.33/turn    N - ring of the Tempest {rC+ Int+4}
MPRegen 0.20/turn    X - +4 ring of protection
                     S - ring "Keif" {rN+ Slay+5}

%: clarity
@: flying, studying Invocations
A: reduced essence, almost no armour, amphibious, 8 rings, camouflage 1,
gelatinous body 1, (nimble swimmer 1), tentacles, clarity, clever 1, low MP 2,
shaggy fur 1, electricity resistance, strong 1, noise suppression, persistent
drain
0: Orb of Zot
}: 5/15 runes: decaying, slimy, silver, abyssal, gossamer
a: Renounce Religion, Recall Ancestor, Ancestor Identity, Transference, Idealise


You escaped.
You worshipped Hepliaklqana.
Hepliaklqana was exalted by your worship.
You visited 14 branches of the dungeon, and saw 58 of its levels.
You visited the Abyss 3 times.
You visited 2 bazaars.
You also visited: Trove and Gauntlet.

You collected 10567 gold pieces.
You spent 4177 gold pieces at shops.

Inventory:

Hand Weapons
 f - the +7 hand cannon of Benuot {heavy, Fly rElec Int+4}
   (You found it in a treasure trove)

   Int+4:     It affects your intelligence (+4).
   rElec:     It insulates you from electricity.
   Fly:       It grants you flight.
 g - the +4 triple crossbow "Iqimazu" (weapon) {speed, Dex+2}
   (You found it in a treasure trove)

   Dex+2:     It affects your dexterity (+2).
Armour
 R - the +2 hat of the Boiling Point (worn) {Fly Slay+3}
   (You found it in a Gauntlet)

   Slay+3:    It affects your accuracy & damage with ranged weapons and melee
   (+3).
   Fly:       It grants you flight.
Jewellery
 a - a ring of resist corrosion
 h - a +6 ring of dexterity (left tentacle)
 n - the ring of Fufa (on tentacle) {rPois rN+}
   (You found it on level 3 of the Crypt)

   [ring of positive energy]

   rPois:     It protects you from poison rN+: It protects you from negative
   energy.
 v - a ring of positive energy
 w - a +6 ring of dexterity (right tentacle)
 B - a ring of protection from fire (on tentacle)
 N - the ring of the Tempest (on tentacle) {rC+ Int+4}
   (You found it on level 5 of the Vaults)

   [ring of protection from cold]

   Int+4:     It affects your intelligence (+4).
   rC+:       It protects you from cold.
 Q - the ring of Galor {rElec rC+ Str-5 Int+8 Dex-4}
   (You found it on level 3 of the Elven Halls)

   [ring of protection from cold]

   Str-5:     It affects your strength (-5).
   Int+8:     It affects your intelligence (+8).
   Dex-4:     It affects your dexterity (-4).
   rC+:       It protects you from cold.
   rElec:     It insulates you from electricity.
 S - the ring "Keif" (on tentacle) {rN+ Slay+5}
   (You found it on level 3 of the Crypt)

   [ring of positive energy]

   Slay+5:    It affects your accuracy & damage with ranged weapons and melee
   (+5).
   rN+:       It protects you from negative energy.
 X - a +4 ring of protection (on tentacle)
 Y - the ring "Orihujul" (on tentacle) {Slay+5 SInv}
   (You bought it in a shop on level 2 of the Depths)

   [ring of see invisible]

   Slay+5:    It affects your accuracy & damage with ranged weapons and melee
   (+5).
   SInv:      It lets you see invisible.
 Z - the amulet "Boreq" (around mantle) {rPois Will+ Regen+}
   (You found it on level 2 of the Vaults)

   [amulet of regeneration]

   rPois:     It protects you from poison Will+: It increases your willpower.
   Regen+:    It increases your rate of health regeneration.
Wands
 l - a wand of iceblast (77)
 o - a wand of paralysis (65)
 q - a wand of flame (109)
 t - a wand of mindburst (79)
 F - a wand of quicksilver (38)
 K - a wand of polymorph (28)
 V - a wand of digging (3)
Scrolls
 e - 7 scrolls of amnesia
 i - 9 scrolls of revelation
 j - 7 scrolls of silence
 m - 10 scrolls of teleportation
 p - 6 scrolls of fear
 s - 9 scrolls of enchant armour
 D - 9 scrolls of enchant weapon
 E - 3 scrolls of blinking
 J - 11 scrolls of poison
 P - a scroll of brand weapon
 T - 27 scrolls of identify
 U - 2 scrolls of butterflies
 W - 5 scrolls of fog
Potions
 b - 2 potions of haste
 c - 3 potions of enlightenment
 d - 5 potions of might
 k - 12 potions of lignification
 r - 5 potions of mutation
 u - 2 potions of berserk rage
 x - a potion of invisibility
 y - 6 potions of cancellation
 z - 8 potions of ambrosia
 G - 12 potions of curing
 H - 4 potions of magic
 I - 6 potions of brilliance
 M - a potion of resistance
Miscellaneous
 A - a box of beasts
 L - a tin of tremorstones (2/2)
 O - a phantom mirror


   Skills:
 O Level 27 Fighting
 O Level 27 Ranged Weapons
 * Level 26.0 Dodging
 + Level 13.1 Stealth
 - Level 7.0 Spellcasting
 - Level 3.0 Conjurations
 - Level 18.0 Hexes
 - Level 3.0 Summonings
 - Level 20.0 Translocations
 - Level 3.0 Fire Magic
 - Level 2.0 Air Magic
 - Level 10.0 Invocations
 - Level 1.0 Evocations


You had 9 spell levels left.
You knew the following spells:

 Your Spells              Type           Power      Damage    Failure   Level
a - Dimensional Bullseye  Hex/Tloc       38%        N/A       1%          4
b - Teleport Other        Tloc           79%        N/A       0%          3
c - Dazzling Flash        Conj/Hex       100%       N/A       1%          3
d - Iskenderun's Mystic   Conj/Tloc      57%        2d12      1%          4
e - Cause Fear            Hex            37%        N/A       1%          4
f - Volatile Blastmotes   Fire/Tloc      100%       2d18      1%          3
g - Summon Forest         Summ/Tloc      28%        N/A       1%          5
h - Blink                 Tloc           100%       N/A       0%          2
i - Swiftness             Air            17%        N/A       10%         3

Your spell library contained the following spells:

 Spells                   Type           Power      Damage    Failure   Level
 Apportation              Tloc           100%       N/A       0%          1
 Slow                     Hex            100%       N/A       0%          1
 Lesser Beckoning         Tloc           100%       N/A       0%          2
 Confusing Touch          Hex            74%        N/A       0%          3
 Gell's Gravitas          Tloc           79%        N/A       0%          3
 Sigil of Binding         Hex            74%        N/A       0%          3
 Tukima's Dance           Hex            74%        N/A       0%          3
 Ensorcelled Hibernation  Hex/Ice        98%        N/A       1%          2
 Momentum Strike          Conj/Tloc      100%       3d10      1%          2
 Anguish                  Hex/Necr       24%        N/A       1%          4
 Vhi's Electric Charge    Tloc/Air       100%       N/A       1%          4
 Dispersal                Tloc           39%        N/A       1%          6
 Magic Dart               Conj           84%        1d7       2%          1
 Shock                    Conj/Air       76%        1d7       2%          1
 Summon Small Mammal      Summ           84%        N/A       2%          1
 Summon Mana Viper        Hex/Summ       54%        N/A       2%          5
 Searing Ray              Conj           42%        2d6       3%          2
 Kiss of Death            Conj/Necr      56%        2d9       4%          1
 Sting                    Conj/Alch      56%        1d6       4%          1
 Enfeeble                 Hex            37%        N/A       4%          7
 Yara's Violent Unravell  Hex/Alch       24%        3d11      5%          5
 Call Canine Familiar     Summ           21%        N/A       7%          3
 Necrotise                Necr           32%        1d5       8%          1
 Sandblast                Erth           16%        2d6       8%          1
 Mercury Vapours          Alch/Air       24%        N/A       8%          2
 Cigotuvi's Dreadful Rot  Necr/Alch/Air  22%        N/A       9%          2
 Sublimation of Blood     Necr           8%         N/A       12%         2
 Mephitic Cloud           Conj/Alch/Air  15%        N/A       12%         3
 Stone Arrow              Conj/Erth      28%        3d8       12%         3
 Summon Ice Beast         Ice/Summ       14%        N/A       12%         3
 Fugue of the Fallen      Necr           8%         N/A       22%         3
 Passwall                 Erth           8%         N/A       22%         3
 Vampiric Draining        Necr           8%         2d6       22%         3
 Flame Wave               Conj/Fire      21%        2d8       22%         4
 Summon Blazeheart Golem  Fire/Summ      21%        N/A       22%         4
 Summon Lightning Spire   Summ/Air       19%        N/A       26%         4
 Airstrike                Air            8%         2d(2-18)  32%         4
 Brom's Barrelling Bould  Conj/Erth      14%        2d4       38%         4
 Fulminant Prism          Conj/Alch      7%         3d7       38%         4
 Ignite Poison            Fire/Alch      14%        N/A       38%         4
 Martyr's Knell           Necr/Summ      14%        N/A       38%         4
 Sticky Flame             Fire/Alch      14%        2d5       38%         4
 Fireball                 Conj/Fire      10%        3d6       52%         5
 Iskenderun's Battlesphe  Conj           21%        2d7       52%         5
 Animate Dead             Necr           8%         N/A       58%         4
 Dispel Undead            Necr           8%         3d8       58%         4
 Leda's Liquefaction      Alch/Erth      4%         N/A       58%         4
 Olgreb's Toxic Radiance  Alch           8%         N/A       58%         4
 Arcjolt                  Conj/Air       9%         1d19      58%         5
 Freezing Cloud           Conj/Ice/Air   7%         6-21      73%         5
 Borgnjor's Vile Clutch   Necr/Erth      4%         N/A       91%         5
 Curse of Agony           Necr           8%         N/A       91%         5
 Lee's Rapid Deconstruct  Erth           4%         3d5*      91%         5
 Starburst                Conj/Fire      10%        6d5       98%         6
 Bombard                  Conj/Erth      7%         9d2       99%         6
 Conjure Ball Lightning   Conj/Air       9%         3x3d6     99%         6
 Plasma Beam              Fire/Air       9%         2x1d20    99%         6
 Death Channel            Necr           4%         N/A       100%        6
 Sculpt Simulacrum        Ice/Alch       4%         N/A       100%        6
 Haunt                    Necr/Summ      7%         N/A       100%        7
 Monstrous Menagerie      Summ           10%        N/A       100%        7
 Orb of Destruction       Conj           10%        9d6       100%        7
 Spellforged Servitor     Conj/Summ      10%        N/A       100%        7
 Summon Hydra             Summ           10%        N/A       100%        7
 Ignition                 Fire           10%        3d5       100%        8
 Infestation              Necr           4%         N/A       100%        8
 Lehudib's Crystal Spear  Conj/Erth      7%         10d3      100%        8
 Maxwell's Capacitive Co  Air            8%         ∞         100%        8
 Chain Lightning          Conj/Air       9%         3d12      100%        9
 Death's Door             Necr           4%         N/A       100%        9
 Dragon's Call            Summ           10%        N/A       100%        9
 Fire Storm               Conj/Fire      10%        8d3       100%        9
 Polar Vortex             Ice            4%         N/A       100%        9
 Shatter                  Erth           4%         3d7*      100%        9
 Animate Armour           Summ/Erth      Unusable   N/A       N/A         4

Dungeon Overview and Level Annotations

Branches:
Dungeon (15/15)            Temple (1/1) D:4            Lair (5/5) D:10
  Swamp (4/4) Lair:2       Spider (4/4) Lair:3        Slime (5/5) Lair:4
    Orc (2/2) D:11            Elf (3/3) Orc:2        Vaults (5/5) D:13
  Crypt (3/3) Vaults:2       Tomb (1/3) Crypt:3      Depths (4/4) D:15
   Hell (visited)             Dis (0/7) Hell            Geh (0/7) Hell
    Coc (0/7) Hell            Tar (0/7) Hell            Zot (5/5) Depths:4
Gauntlet (visited)

Altars:
Ashenzari
Cheibriados
Dithmenos
Elyvilon
Fedhas
Gozag
Hepliaklqana
Kikubaaqudgha
Makhleb
Nemelex Xobeh
Okawaru
Qazlal
Ru
Sif Muna
Trog
Uskayaw
Vehumet
Wu Jian
Xom
Yredelemnul
Zin
The Shining One
Jiyva

Shops:
D:7 (   D:8 !   Orc:1 *   Orc:2 [[:**   Vaults:1 [   Depths:1 (   Depths:2 =
Depths:3 *[

Portals:
Hell: Depths:1 Depths:2 Depths:3 Depths:4
Abyss: Depths:3
Pandemonium: Depths:2
Ziggurat: Depths:3

Annotations:
Temple 2 transporters
Spider:3 1 transporter, exclusion: orange crystal statue
Zot:3 2 transporters


Innate Abilities, Weirdness & Mutations

Your life essence is reduced to manifest your ancestor. (-10% HP)
You cannot wear most types of armour.
You are amphibious.
You can wear up to eight rings at the same time.
Your skin changes colour to match your surroundings (Stealth+).
Your rubbery body absorbs attacks. (AC +1, EV +1)
((You are camouflaged when in or above water. (Stealth+)))
You have tentacles for arms and can constrict up to eight enemies at once.
You possess an exceptional clarity of mind.
Your mind is acute. (Int +4, Str/Dex -1)
Your magical capacity is very low. (-20% MP)
You are covered in fur. (AC +1)
You are resistant to electric shocks. (rElec)
Your muscles are strong. (Str +4, Int/Dex -1)
You passively dampen the noise of your surroundings.
Your health recovers twice as slowly from being drained.


Message History

Magic restored.
A Tzitzimitl comes into view.
You shoot a bolt. The bolt hits the Tzitzimitl!!!
The Tzitzimitl is heavily wounded.
You shoot a bolt. The bolt hits the Tzitzimitl!!
The Tzitzimitl is almost dead.
You shoot a bolt. Brogan avoids your attack.
The bolt hits the Tzitzimitl!
The Tzitzimitl is almost dead.
You shoot a bolt. Brogan avoids your attack.
The bolt hits the Tzitzimitl!!!
You kill the Tzitzimitl!
Your Dodging skill increases to level 26!
There is a stone staircase leading up here.
You fly upwards.
There is a stone staircase leading down here.
There is a stone staircase leading up here.
You fly upwards.
There is a stone staircase leading down here.
An orange demon comes into view.
You shoot a bolt. The bolt hits the orange demon!!!
The orange demon is almost dead.
You shoot a bolt. The bolt hits the orange demon!!!!
You kill the orange demon!
A Tzitzimitl comes into view.
You shoot a bolt. The bolt hits the Tzitzimitl!!!!
The Tzitzimitl is severely wounded.
Brogan is recalled.
The Tzitzimitl gestures at you.
The bolt of negative energy hits Brogan.
Brogan completely resists.
The bolt of negative energy misses you.
You shoot a bolt. Brogan avoids your attack.
The bolt hits the Tzitzimitl!!!
You kill the Tzitzimitl!
A hellion comes into view.
You shoot a bolt. The bolt hits the hellion!!!!
You kill the hellion!
Magic restored.
There is a large open door here.
There is a staircase leading out of the dungeon here.
You can't go down here!
You have escaped!

#######.#########################
# #.# ###§≈≈≈≈≈### #####
#.###§≈§≈≈≈§≈§≈## #...[
#.##≈≈§§≈#≈≈§≈≈≈# #....
#.##§§≈≈≈≈≈§§#≈≈## #..##
#.#≈§#§≈≈≈§§§§§≈≈# #..# #
#.#§§§§§####§§§≈§# #..# #####
#.'.......>#§§§≈≈# #..# ....#
#.'......R@#≈≈§≈≈# #..# ....#
#.#§§§≈≈####≈≈§§≈######..# ....#
#.#§≈#≈≈≈≈§§§≈≈≈≈#..#....## ....#
#.##≈§≈≈≈≈§§§#≈≈##..#.#.... ....#
#.##§§§§≈#≈§§≈§≈##..#.##### ....#
#.###§§§§≈§§≈≈≈###..#.# ....###.#
###§≈§≈≈§### #..#.##
#.......############# #..#..##
#.#...........# #...# #..#...###


You could see the friendly Brogan the knight (reflecting).

Vanquished Creatures
  the Royal Jelly (Slime:5)
  4 dread liches
  10 orbs of fire
  2 ancient liches
  Mara (Vaults:2)
  Xtahua (Vaults:2)
  Sojobo (Depths:1)
  A royal mummy (Tomb:1)
  4 Killer Klowns (Zot:5)
  A curse toe (Zot:3)
  2 caustic shrikes (Depths:3)
  Geryon (Hell)
  Nikola (Depths:1)
  13 golden dragons
  The ghost of yalue the Executioner, an adept MiFi of the Shining One (Crypt:2)
  2 electric golems (Zot:5)
  the Enchantress (Depths:1)
  5 pandemonium lords
  4 bone dragons
  2 Tzitzimimeh
  16 tentacled monstrosities
  27 Orb Guardians
  Asterion (Spider:1)
  2 walking frostbound tomes (Depths:3)
  Murray (Hell)
  5 titans
  A deep elf blademaster (Elf:3)
  11 liches
  The ghost of Fijesust the Executioner, an adept MiBe of Trog (Elf:1)
  A walking divine tome (Depths:3)
  4 quicksilver dragons
  7 searing wretches (Hell)
  A deep elf master archer (Elf:3)
  23 acid blobs
  11 death cobs
  4 tentacled starspawn (Abyss:3)
  7 ancient champions
  9 sphinxes
  Gastronok (Lair:1)
  3 thorn hunters
  Aizul (Elf:2)
  11 rockslimes
  7 protean progenitors
  5 tengu reavers
  5 revenants
  14 shadow dragons
  19 storm dragons
  7 azure jellies
  A nagaraja (Abyss:3)
  8 fire giants
  12 frost giants
  10 draconian knights
  5 draconian shifters
  5 draconian monks
  A balrug (Hell)
  3 deep elf elementalists (Elf:3)
  12 vault wardens
  4 emperor scorpions
  7 deep elf sorcerers
  7 ghost moths
  3 iron dragons
  A curse skull (Crypt:1)
  2 cacodemons
  7 ghouls
  4 orc warlords
  2 reapers (Hell)
  5 quicksilver oozes
  17 ironbound preservers
  10 spriggan defenders
  5 draconian stormcallers
  9 draconian scorchers
  21 very ugly things
  3 draconian annihilators
  9 formless jellyfish
  A juggernaut skeleton (Depths:3)
  A juggernaut zombie (Hell)
  7 ironbound thunderhulks
  12 stone giants
  A broodmother (Spider:3)
  7 vampire knights
  4 eleionomae
  2 starflowers (Abyss:3)
  7 deep elf demonologists
  An elemental wellspring (Hell)
  12 white draconians
  11 black draconians
  12 deep elf death magi
  2 bennus (Tomb:1)
  13 green draconians
  6 bunyips
  Nessos (Lair:5)
  7 yellow draconians
  4 purple draconians
  10 dire elephants
  A minotaur (Gauntlet)
  4 war gargoyles
  5 spark wasps
  10 red draconians
  8 deep elf annihilators
  4 blizzard demons
  9 mummy priests (Tomb:1)
  A crystal guardian (Hell)
  8 ettins
  8 yaktaur captains
  4 eidola (Crypt:2)
  2 green deaths (Swamp:4)
  8 jiangshi
  An entropy weaver (Lair:3)
  11 fire dragons
  Fannar (Orc:1)
  9 deep elf high priests
  11 great orbs of eyes
  A shambling mangrove (Swamp:4)
  A peacekeeper (Vaults:1)
  12 hydras
  4 catoblepae
  2 jorogumos
  3 hell beasts
  8 alligators
  A sphinx zombie (Hell)
  9 ice dragons
  25 vault guards
  5 spriggan air magi
  Erolcha (Orc:1)
  12 centaur warriors
  4 ghost crabs
  2 rakshasas
  An anaconda (shapeshifter) (Vaults:5)
  4 ogre magi
  11 ironbound frosthearts
  4 radroaches
  A two-headed ogre (shapeshifter) (Depths:3)
  12 boulder beetles
  A stoker (Hell)
  22 dancing weapons
  8 death yaks
  5 two-headed ogres
  6 death knights
  4 tengu warriors
  3 deep troll shamans
  20 death scarabs
  11 vampire magi
  2 satyrs (Zot:3)
  11 deep troll earth magi
  9 demonic crawlers
  7 hell hogs
  4 orc high priests
  The ghost of Strat the Slicer, a journeyman VSNe of Uskayaw (D:10)
  5 spriggan berserkers
  2 occultists
  3 sun demons
  4 hell knights
  A titan zombie (Hell)
  9 thrashing horrors (Abyss:3)
  4 skysharks
  17 deep elf knights
  5 soul eaters
  4 crystal echidnas (Hell)
  A storm dragon zombie (Crypt:2)
  Amaemon (D:8)
  2 spatial maelstroms (Abyss:3)
  A spectral catoblepas (Gauntlet)
  An emperor scorpion zombie (Crypt:3)
  A spectral emperor scorpion (Spider:4)
  8 wretched stars (Abyss:3)
  2 sixfirhies (D:15)
  16 skeletal warriors
  7 goliath frogs
  3 shadow wraiths
  2 flayed ghosts
  A spectral spark wasp (Depths:4)
  8 iron trolls
  2 quicksilver dragon simulacra
  A bunyip zombie (Crypt:2)
  6 pharaoh ants
  5 spriggan druids
  A storm dragon skeleton (Depths:3)
  58 deep trolls
  8 glowing orange brains
  2 obsidian statues (Zot:5)
  2 sun moths
  A bunyip skeleton (Hell)
  9 deep elf archers
  9 swamp dragons
  2 glowing orange brains (shapeshifter)
  6 arcanists
  11 bog bodies
  2 deep trolls (shapeshifter)
  8 phantasmal warriors
  8 orb spiders
  A spectral wolf spider (Spider:4)
  2 anaconda skeletons
  11 orc knights
  An orange crystal statue (Hell)
  15 ironbound convokers
  A steelbarb worm (shapeshifter) (Depths:2)
  5 steelbarb worms
  2 harpies (Vaults:1)
  9 necromancers
  29 deep elf zephyrmancers
  10 large abominations
  A shadow dragon zombie (Hell)
  A spectral jorogumo (Spider:4)
  36 deep elf pyromancers
  2 wolf spider zombies (Spider:4)
  8 lindwurms
  An iron dragon zombie (Tomb:1)
  6 orc sorcerers
  9 cyclopes
  3 worldbinders (Abyss:3)
  A faun (shapeshifter) (Vaults:5)
  7 shining eyes
  27 ugly things
  4 manticores
  3 stone giant zombies
  14 elephants
  5 wolf spiders
  2 will-o-the-wisps (Swamp:3)
  2 salamanders (Depths:2)
  A moth of wrath (shapeshifter) (Vaults:5)
  An elephant (shapeshifter) (Depths:4)
  18 moths of wrath
  3 meliai
  A shadow dragon skeleton (Crypt:3)
  A centaur zombie (Crypt:2)
  An alligator snapping turtle zombie (Crypt:2)
  A frost giant skeleton (Vaults:5)
  5 frost giant zombies (Hell)
  2 torpor snails
  4 black mambas
  3 kobold blastminers
  3 rust devils
  17 vault sentinels
  2 titan simulacra
  An apocalypse crab (Abyss:3)
  6 eyes of devastation (Slime:5)
  6 smoke demons
  5 orange demons
  A torpor snail (shapeshifter) (Depths:3)
  A centaur skeleton (Tomb:1)
  An unseen horror (D:11)
  13 cane toads
  20 yaktaurs
  12 freezing wraiths
  A gargoyle (D:13)
  A sea snake zombie (Crypt:3)
  7 rime drakes
  A kobold demonologist (D:11)
  3 komodo dragons
  2 tormentors
  2 efreet
  2 hellions
  A bunyip simulacrum (Abyss:3)
  11 guardian mummies
  A redback zombie (Spider:4)
  2 ancient zymes (Abyss:3)
  3 human skeletons
  2 harpy zombies
  3 swamp worm zombies (Crypt:2)
  A yaktaur skeleton (Vaults:2)
  4 tengu conjurers
  2 human zombies
  4 ice devils
  4 bloated husks
  A polar bear (Lair:5)
  A jumping spider zombie (Spider:4)
  5 trolls
  24 hornets
  6 tyrant leeches
  A spectral culicivora (Spider:4)
  A spectral jumping spider (Spider:4)
  3 ettin zombies
  Grinder (D:3)
  A raiju (shapeshifter) (D:15)
  17 raiju (Abyss:3)
  A spriggan zombie (Hell)
  2 dream sheep (Lair:5)
  2 spectral tarantellas (Spider:4)
  14 tarantellas
  14 blink frogs
  2 culicivora zombies (Spider:4)
  2 harpy skeletons
  A tarantella zombie (Spider:4)
  5 glass eyes
  95 slime creatures
  2 ice dragon skeletons
  A vampire (D:10)
  5 air elementals
  21 jumping spiders
  An ushabti (Tomb:1)
  17 spriggans
  6 shadows
  10 wraiths
  12 culicivoras
  2 black mamba zombies
  4 ynoxinuls (Abyss:3)
  5 fire elementals
  2 wyverns
  8 basilisks
  4 water elementals
  21 yaks
  2 golden eyes (shapeshifter)
  A dire elephant simulacrum (Abyss:3)
  A steam dragon (D:8)
  12 starcursed masses (Abyss:3)
  3 wargs
  33 redbacks
  11 vampire mosquitoes
  4 neqoxecs
  A chaos spawn (Abyss:3)
  19 swamp worms
  A deep troll zombie (Crypt:2)
  3 spatial vortices (Abyss:3)
  8 water moccasins
  6 acid dragons
  A glowing shapeshifter zombie (Hell)
  5 swamp drakes
  A two-headed ogre skeleton (Crypt:1)
  2 ogre skeletons
  A demonspawn skeleton (Hell)
  A fire bat skeleton (Crypt:3)
  2 ice beasts
  A naga skeleton (Tomb:1)
  23 orc warriors
  A black bear (shapeshifter) (D:13)
  A cane toad skeleton (Crypt:1)
  12 laughing skulls
  A black mamba simulacrum (Tomb:1)
  An elf simulacrum (Vaults:3)
  7 ogres
  4 boggarts (Vaults:1)
  22 centaurs
  7 wolves
  A phantom (D:5)
  A rime drake zombie (Crypt:3)
  2 kobold brigands
  2 brain worms (Abyss:3)
  3 necrophages
  A komodo dragon zombie (Crypt:3)
  10 bullfrogs
  2 earth elementals
  A gnoll sergeant (D:11)
  3 scorpions
  8 small abominations (Abyss:3)
  8 wights
  A salamander skeleton (Crypt:2)
  A raiju zombie (Crypt:2)
  15 killer bees
  A yak skeleton (Crypt:3)
  An electric eel (D:15)
  A jelly (D:5)
  9 howler monkeys
  2 bombardier beetles
  21 orc priests
  A hound (D:7)
  A gnoll bouda (D:9)
  8 iguanas
  Crazy Yiuf (D:7)
  Ijyb (D:4)
  33 orc wizards
  A hell rat (Lair:5)
  An acid dragon zombie (Crypt:1)
  2 naga zombies
  A deep dwarf skeleton (Crypt:2)
  22 mummies
  A howler monkey zombie (Crypt:2)
  12 gnolls
  6 adders
  6 shadow imps
  A white imp (Abyss:3)
  An ufetubus (Abyss:3)
  An adder skeleton (Crypt:3)
  2 ribbon worms
  3 dart slugs
  63 orcs
  6 endoplasms
  2 giant cockroaches (D:1)
  9 goblins
  6 hobgoblins
  4 jackals (D:5)
  4 quokkas (D:1)
  8 ball pythons
  A ball python skeleton (Crypt:3)
  A ball python zombie (Crypt:1)
  9 bats
  6 frilled lizards
  A hobgoblin skeleton (Crypt:2)
  11 kobolds
  5 rats
  A rat zombie (Crypt:3)
  5 aspiring fleshes
  2 creeping infernos (Hell)
  6 fire vortices (Hell)
  A lurking horror (Abyss:3)
  2 starspawn tentacles (Abyss:3)
2422 creatures vanquished.

Vanquished Creatures (collateral kills)
  An ancient lich (Vaults:4)
  A caustic shrike (Depths:3)
  A tentacled monstrosity (Depths:2)
  A lich (Tomb:1)
  2 Orb Guardians (Zot:5)
  A deep elf blademaster (Elf:3)
  2 titans
  A sphinx (Vaults:4)
  2 acid blobs
  A tentacled starspawn (Abyss:3)
  3 tengu reavers
  3 shadow dragons
  A storm dragon (Vaults:5)
  A daeva (Abyss:3)
  A draconian monk (Zot:1)
  A rockslime (Slime:5)
  An emperor scorpion (Spider:4)
  A deep elf sorcerer (Elf:3)
  3 fire giants
  3 vault wardens
  A ghoul (Crypt:3)
  3 formless jellyfish
  4 ironbound preservers
  A draconian annihilator (Zot:1)
  A spriggan defender (Depths:4)
  3 very ugly things
  2 broodmothers (Zot:3)
  3 black draconians
  An eleionoma (Swamp:4)
  A white draconian (Depths:4)
  2 green draconians
  4 dire elephants
  2 purple draconians
  A lorocyproca (Depths:2)
  3 red draconians
  2 spark wasps
  2 jiangshi (Crypt:3)
  An iron golem (Hell)
  A fire dragon (Depths:2)
  A crystal guardian (Vaults:1)
  A yaktaur captain (Vaults:5)
  A great orb of eyes (Vaults:3)
  A rakshasa (D:15)
  2 entropy weavers
  3 vault guards
  3 hydras
  3 ice dragons
  A jorogumo (Spider:4)
  4 spriggan air magi
  2 catoblepae (D:14)
  A centaur warrior (D:15)
  A radroach (Spider:3)
  A death knight (Crypt:1)
  2 ironbound frosthearts
  2 alligators
  2 dancing weapons (Elf:1)
  3 two-headed ogres
  3 death yaks
  A tengu warrior (D:15)
  A deep troll shaman (Depths:3)
  2 boulder beetles
  2 spriggan berserkers
  A deep troll earth mage (Depths:3)
  3 death scarabs (Spider:4)
  A hell hog (Abyss:3)
  A demonic crawler (Lair:3)
  An occultist (Depths:2)
  2 deep elf knights
  2 skeletal warriors
  A hell knight (Hell)
  2 iron trolls
  4 spriggans
  A ghost moth zombie (Crypt:2)
  A goliath frog (Swamp:4)
  A sixfirhy (D:7)
  A skyshark (Lair:5)
  13 deep trolls
  An orb spider (Lair:3)
  2 swamp dragons
  A deep elf archer (Elf:1)
  2 deep elf pyromancers
  2 ironbound convokers
  2 phantasmal warriors
  An arcanist (Vaults:4)
  3 harpies
  Pikel (D:6)
  5 orc knights
  3 necromancers
  2 manticores
  3 deep elf zephyrmancers (Elf:1)
  A shining eye (Slime:3)
  3 wolf spiders
  8 ugly things
  Maurice (D:7)
  A moth of wrath (Zot:4)
  A meliai (D:13)
  2 vault sentinels (Vaults:1)
  3 elephants
  A torpor snail (Spider:4)
  An orange demon (D:8)
  3 cane toads
  Maggie (D:7)
  A swamp worm zombie (Crypt:2)
  3 yaktaurs
  2 large abominations (Abyss:3)
  A komodo dragon (D:12)
  2 rime drakes
  A black draconian skeleton (Crypt:2)
  A harpy zombie (Hell)
  2 ancient zymes (Abyss:3)
  A queen bee (shapeshifter) (D:15)
  A spectral tarantella (Spider:4)
  4 hornets
  2 polar bears
  2 tyrant leeches (Swamp:1)
  A troll (D:13)
  A spectral jumping spider (Spider:4)
  2 spectral culicivoras (Spider:4)
  A jumping spider zombie (Spider:4)
  3 blink frogs
  A human simulacrum (Vaults:5)
  A tarantella zombie (Spider:4)
  17 slime creatures
  A jumping spider (Spider:3)
  An air elemental (Elf:1)
  A small abomination (Abyss:3)
  2 culicivoras
  A vampire (D:12)
  A water elemental (Elf:3)
  3 yaks
  A wyvern (Lair:4)
  A neqoxec (D:4)
  2 vampire mosquitoes (Swamp:2)
  3 redbacks
  A chaos spawn (Abyss:3)
  2 water moccasins
  2 swamp worms (Swamp:4)
  A swamp drake (Lair:5)
  4 orc warriors
  A black bear (D:6)
  3 laughing skulls (Crypt:3)
  2 ogres (D:5)
  2 centaurs
  2 bullfrogs
  3 wights (D:6)
  4 killer bees
  A howler monkey (D:10)
  A bombardier beetle (D:5)
  7 orc priests
  4 iguanas
  6 orc wizards
  4 gnolls
  18 orcs
  6 goblins
342 creatures vanquished.

Vanquished Creatures (others)
  An ancient lich (Zot:5)
  4 yaktaur captains
  A centaur warrior (Vaults:2)
  A soul eater (Hell)
  A spriggan simulacrum (Hell)
  5 yaktaurs
  A bloated husk (Swamp:1)
  28 knights
  2 foxfires (Swamp:3)
  A lurking horror (Abyss:3)
  A snaplasher vine (Vaults:5)
  6 starspawn tentacles (Abyss:3)
52 creatures vanquished.

Grand Total: 2816 creatures vanquished

Notes
Turn   | Place    | Note
-------+----------+-------------------------------------------
     0 | D:1      | LobsterGuardian the Octopode Hunter began the quest for the
                  | Orb.
     0 | D:1      | Reached XP level 1. HP: 14/14 MP: 1/1
    74 | D:1      | Reached XP level 2. HP: 19/19 MP: 2/2
   312 | D:3      | Reached XP level 3. HP: 24/24 MP: 3/3
   352 | D:4      | Noticed a scorpion
   355 | D:4      | Killed a scorpion
   356 | D:4      | Reached skill level 5 in Ranged Weapons
   356 | D:4      | Reached XP level 4. HP: 29/29 MP: 4/4
   400 | D:4      | Found a staircase to the Ecumenical Temple.
   484 | D:5      | Entered Level 5 of the Dungeon
   526 | D:5      | Reached XP level 5. HP: 35/35 MP: 5/5
   603 | Temple   | Found a transporter.
   603 | Temple   | Found a transporter.
   603 | Temple   | Found a transporter.
   603 | Temple   | Found a transporter.
   603 | Temple   | Entered the Ecumenical Temple
   620 | Temple   | Became a worshipper of Hepliaklqana the Forgotten
   643 | D:4      | Noticed an ogre
   650 | D:4      | Killed an ogre
   659 | D:4      | Reached XP level 6. HP: 11/41 MP: 6/6
  1347 | D:1      | Found a faded altar of an unknown god.
  1454 | D:1      | Gained mutation: You have hidden genetic potential. [potion
                  | of mutation]
  1454 | D:1      | Gained mutation: You have an increased reservoir of magic.
                  | (+10% MP) [potion of mutation]
  1454 | D:1      | Gained mutation: You passively dampen the noise of your
                  | surroundings. [potion of mutation]
  1551 | D:2      | Found an iron altar of Okawaru.
  1634 | D:2      | Identified the +7 short sword of Amortisation {freeze, rF+
                  | Int+3 Stlth+}
  1891 | D:2      | Reached * piety under Hepliaklqana
  2329 | D:3      | Noticed Grinder
  2445 | D:2      | You fall into a shaft and drop 1 floor!
  2483 | D:3      | Found a shimmering blue altar of Sif Muna.
  2489 | D:3      | Reached XP level 7. HP: 40/40 MP: 7/7
  2513 | D:3      | Gained mutation: One of your tentacles bears a spike.
                  | [hidden potential]
  2592 | D:3      | Got Sif Muna's Secrets of Bringing Forth
  2599 | D:3      | Found an ancient bone altar of Kikubaaqudgha.
  2610 | D:3      | Found a radiant altar of Vehumet.
  2769 | D:3      | Found a blossoming altar of Fedhas.
  2781 | D:3      | Killed Grinder
  2921 | D:4      | Noticed Ijyb
  2928 | D:4      | Killed Ijyb
  3147 | D:4      | Reached ** piety under Hepliaklqana
  3148 | D:4      | Remembered your ancestor Brogan as a knight
  3423 | D:4      | Reached XP level 8. HP: 46/46 MP: 8/8
  3568 | D:5      | Gained mutation: Your system is resistant to poisons.
                  | (rPois) [hidden potential]
  3568 | D:5      | Lost mutation: You have hidden genetic potential. [hidden
                  | potential expressed]
  4248 | D:5      | Reached skill level 10 in Ranged Weapons
  4521 | D:6      | Reached XP level 9. HP: 52/52 MP: 9/9
  4693 | D:6      | Reached skill level 1 in Invocations
  4862 | D:6      | Noticed Pikel
  4874 | D:6      | Killed Pikel
  5290 | D:6      | Found a snail-covered altar of Cheibriados.
  5524 | D:7      | Reached skill level 5 in Fighting
  5641 | D:7      | Noticed Maggie
  5658 | D:7      | Killed Maggie
  5759 | D:7      | Reached XP level 10. HP: 59/59 MP: 12/12
  5997 | D:7      | Reached *** piety under Hepliaklqana
  6043 | D:7      | Noticed Maurice
  6051 | D:7      | Maurice stole 451 gold
  6058 | D:7      | Killed Maurice
  6144 | D:7      | Found a runed translucent door.
  6145 | D:7      | Noticed Crazy Yiuf
  6251 | D:7      | Found Wunij's Weapon Shop.
  6636 | D:7      | Killed Crazy Yiuf
  7025 | D:8      | Reached skill level 5 in Stealth
  7098 | D:8      | Found a broken altar of Ashenzari.
  7263 | D:8      | Found Atir's Distillery.
  7343 | D:8      | Bought a potion of heal wounds for 60 gold pieces
  7580 | D:8      | Reached skill level 5 in Dodging
  7649 | D:8      | Noticed an orange demon
  7650 | D:8      | Noticed Amaemon
  7660 | D:8      | Killed Amaemon
  7662 | D:8      | Killed an orange demon
  8063 | D:9      | Reached XP level 11. HP: 64/64 MP: 14/14
  8549 | D:9      | Noticed a two-headed ogre
  8559 | D:9      | Killed a two-headed ogre
  8701 | D:9      | Found a burning altar of Makhleb.
  8701 | D:9      | Noticed an Executioner
  8812 | D:9      | Found a bloodstained altar of Trog.
  8862 | D:9      | Found a shadowy altar of Dithmenos.
  8864 | D:9      | Found a sparkling altar of Nemelex Xobeh.
  8867 | D:9      | Found a basalt altar of Yredelemnul.
  8920 | D:10     | Entered Level 10 of the Dungeon
  8920 | D:10     | Reached **** piety under Hepliaklqana
  9003 | D:10     | Noticed a two-headed ogre
  9013 | D:10     | Killed a two-headed ogre
  9031 | D:10     | Found a staircase to the Lair.
  9216 | D:10     | Identified the +5 shortbow "Udere" {antimagic, rElec rC+}
  9447 | D:10     | Found a runed translucent gate.
  9448 | D:10     | Found a runed translucent gate.
  9449 | D:10     | Found a runed translucent gate.
  9453 | D:10     | Noticed a ten-headed hydra
  9453 | D:10     | Noticed Strat's ghost (journeyman VSNe)
  9465 | D:10     | Noticed a two-headed ogre
  9472 | D:10     | Killed a two-headed ogre
  9473 | D:10     | Reached skill level 15 in Ranged Weapons
  9797 | D:10     | Noticed a two-headed ogre
  9801 | D:10     | Noticed a manticore
  9805 | D:10     | Killed a two-headed ogre
  9807 | D:10     | Noticed a brown ugly thing
  9984 | D:10     | Killed a brown ugly thing
 10042 | D:10     | Found a hazy altar of Hepliaklqana.
 10054 | D:10     | Killed a manticore
 10278 | Lair:1   | Entered Level 1 of the Lair of Beasts
 10311 | Lair:1   | Noticed Gastronok
 10363 | Lair:1   | Killed Gastronok
 10364 | Lair:1   | Reached XP level 12. HP: 43/73 MP: 4/16
 11312 | Lair:2   | Noticed a boulder beetle
 11328 | Lair:2   | Killed a boulder beetle
 11567 | Lair:2   | Reached skill level 10 in Fighting
 11625 | Lair:2   | Found a blossoming altar of Fedhas.
 12112 | Lair:2   | Found a staircase to the Swamp.
 12468 | D:11     | Found a staircase to the Orcish Mines.
 12677 | D:11     | Reached XP level 13. HP: 82/85 MP: 5/17
 13486 | D:12     | Found a shimmering altar of Xom.
 13555 | D:12     | Found a shimmering altar of Xom.
 13556 | D:12     | Found a shimmering altar of Xom.
 13556 | D:12     | Found a shimmering altar of Xom.
 13626 | D:12     | Reached ***** piety under Hepliaklqana
 14530 | D:13     | Reached skill level 5 in Invocations
 14534 | D:13     | Noticed a vault guard
 14546 | D:13     | Killed a vault guard
 14605 | D:13     | Found a gate to the Vaults.
 15401 | Lair:3   | Found a hole to the Spider Nest.
 15544 | Lair:2   | Reached XP level 14. HP: 89/97 MP: 6/19
 16331 | Lair:4   | Learned a level 4 spell: Dimensional Bullseye
 16373 | Lair:4   | Reached skill level 15 in Fighting
 16373 | Lair:4   | Reached skill level 1 in Translocations
 16450 | Lair:4   | Reached skill level 10 in Dodging
 16714 | Lair:4   | Reached skill level 5 in Translocations
 16994 | Lair:4   | Found a viscous altar of Jiyva.
 16994 | Lair:4   | Found a staircase to the Slime Pits.
 17291 | Lair:5   | Entered Level 5 of the Lair of Beasts
 17291 | Lair:5   | Noticed Nessos
 17303 | Lair:5   | Killed Nessos
 17304 | Lair:5   | Reached skill level 1 in Hexes
 17440 | Lair:5   | Found a gate leading to a gauntlet.
 17456 | Gauntlet | Entered a Gauntlet
 17456 | Gauntlet | Noticed a reaper
 17456 | Gauntlet | Found a transporter.
 17456 | Gauntlet | Found a transporter.
 17457 | Gauntlet | Found a transporter.
 17460 | Gauntlet | Found a transporter.
 17462 | Gauntlet | Found a transporter.
 17470 | Gauntlet | Found a transporter.
 17474 | Gauntlet | Found a transporter.
 17536 | Gauntlet | Found a transporter.
 17546 | Gauntlet | Found a transporter.
 17561 | Gauntlet | Found a transporter.
 17573 | Gauntlet | Found a transporter.
 17586 | Gauntlet | Found a transporter.
 17732 | Gauntlet | Identified the +0 scale mail of the Nightingale {rElec
                  | Regen+ rCorr Slay+2}
 17826 | Gauntlet | Identified the +7 shortbow of the Powerful God {flame,
                  | ^Fragile rPois Int+2 SInv}
 17842 | Gauntlet | Reached skill level 1 in Spellcasting
 17888 | Gauntlet | Got Zuaf's Reference Book on Evil Spells and Anemomancy
 17890 | Gauntlet | Identified the +0 pair of boots of Suyroitey {Str+3 Slay+2}
 17891 | Gauntlet | Got the Omnibus of the Twisted Snowflakes
 17893 | Gauntlet | Identified the +2 hat of the Boiling Point {Fly Slay+3}
 17893 | Gauntlet | Identified the +2 leather armour "Vaegair" {+Blink Str+3}
 18135 | Lair:5   | Reached XP level 15. HP: 71/104 MP: 20/20
 19110 | Orc:1    | Entered Level 1 of the Orcish Mines
 19124 | Orc:1    | Noticed Fannar
 19137 | Orc:1    | Killed Fannar
 19256 | Orc:1    | Noticed Erolcha
 19260 | Orc:1    | Killed Erolcha
 19434 | Orc:2    | Entered Level 2 of the Orcish Mines
 19468 | Orc:2    | Found a staircase to the Elven Halls.
 19497 | Orc:2    | Noticed an orc warlord
 19588 | Orc:1    | Killed an orc warlord
 19769 | Orc:1    | Found Zetaghow's Assorted Antiques.
 19794 | Orc:1    | You are sucked into a shaft and drop 1 floor!
 19882 | Orc:1    | Reached ****** piety under Hepliaklqana
 19990 | Orc:2    | Found Esopea's General Store.
 20142 | Orc:2    | Found Jyrchet's Assorted Antiques.
 20148 | Orc:2    | Paralysed by an orc sorcerer for 2 turns
 20263 | Orc:2    | Found Buerphu's Antique Armour Emporium.
 20270 | Orc:2    | Found Dyimn's Armour Emporium.
 20278 | Orc:2    | Found Rick's Book Boutique.
 21048 | D:14     | Reached XP level 16. HP: 78/111 MP: 21/21
 21338 | D:15     | Entered Level 15 of the Dungeon
 21414 | D:15     | Learned a level 3 spell: Teleport Other
 21463 | D:15     | HP: 4/111 [centaur warrior/arrow (28)]
 21862 | D:15     | Identified the staff of Equivalence {rF+ Int-4 Stlth+ Tloc
                  | Fire Ice}
 21951 | D:15     | Reached skill level 10 in Translocations
 21971 | D:15     | Found a staircase to the Depths.
 22632 | Spider:1 | Entered Level 1 of the Spider Nest
 22635 | Spider:1 | Noticed Asterion
 22812 | Swamp:1  | Entered Level 1 of the Swamp
 23561 | Swamp:2  | Noticed a thorn hunter
 23565 | Swamp:2  | Killed a thorn hunter
 23783 | Swamp:2  | Reached skill level 5 in Hexes
 24139 | Swamp:2  | Learned a level 3 spell: Dazzling Flash
 24338 | Swamp:3  | Reached XP level 17. HP: 117/117 MP: 25/25
 24584 | Swamp:3  | Identified the ring "Lafigon" {Fly Int+3}
 24623 | Swamp:3  | Learned a level 4 spell: Iskenderun's Mystic Blast
 24822 | Swamp:4  | Entered Level 4 of the Swamp
 25508 | Swamp:4  | Got a decaying rune of Zot
 26089 | Spider:1 | Killed Asterion
 26440 | Spider:1 | Reached XP level 18. HP: 127/127 MP: 26/26
 27472 | Spider:3 | Found a transporter.
 27608 | Spider:3 | Found a transporter.
 27978 | Spider:3 | Learned a level 4 spell: Cause Fear
 28275 | Spider:4 | Entered Level 4 of the Spider Nest
 28983 | Spider:4 | Got a gossamer rune of Zot
 29214 | Spider:4 | Reached XP level 19. HP: 137/137 MP: 22/27
 29616 | D:10     | Killed Strat's ghost
 29873 | Vaults:1 | Entered Level 1 of the Vaults
 30224 | Vaults:1 | Found a portal to a secret trove of treasure.
 30754 | Spider:3 | Identified the +3 scale mail "Xuthruaw" {Fly rElec Will++
                  | Str-2}
 31026 | Vaults:1 | Reached skill level 1 in Conjurations
 31283 | Vaults:1 | Paralysed by a sphinx for 4 turns
 31316 | Vaults:1 | Identified the +7 falchion of Tenacity {speed, +Blink Str+3
                  | Int+4}
 31837 | Vaults:1 | Found Reakidd's Armour Shop.
 32272 | Vaults:2 | Noticed Xtahua
 32274 | Vaults:2 | Paralysed by Xtahua for 3 turns
 32728 | Vaults:2 | Reached XP level 20. HP: 87/146 MP: 23/28
 32804 | Vaults:2 | Found a staircase to the Crypt.
 33079 | Vaults:2 | Identified the amulet "Boreq" {rPois Will+ Regen+}
 33199 | Vaults:2 | Noticed Mara
 33203 | Vaults:2 | Killed Mara
 33860 | Slime:1  | Entered Level 1 of the Pits of Slime
 33868 | Slime:1  | Gained mutation: You possess an exceptional clarity of
                  | mind. [a shining eye]
 34101 | Elf:1    | Entered Level 1 of the Elven Halls
 34106 | Elf:1    | Paralysed by an air elemental for 1 turns
 34487 | Elf:1    | Noticed Fijesust's ghost (adept MiBe)
 34505 | Elf:1    | Found a runed translucent door.
 34918 | Elf:1    | Found a flickering gateway to a bazaar.
 34923 | Bazaar   | Entered a bazaar
 34960 | Bazaar   | Found Rem Foll's Assorted Antiques.
 34960 | Bazaar   | Found Opliemur's Jewellery Shop.
 34966 | Bazaar   | Bought a +4 ring of slaying for 1326 gold pieces
 34988 | Bazaar   | Found Koshereh's Armour Shop.
 34988 | Bazaar   | Found Wiarhy Vanof's Distillery.
 35000 | Bazaar   | Bought a potion of haste for 140 gold pieces
 35029 | Bazaar   | Bought a copper ring for 115 gold pieces
 35039 | Bazaar   | Bought a ring of willpower for 425 gold pieces
 35120 | Elf:1    | Got the Lectures on Violence and Bringing Forth
 35264 | Elf:1    | Killed Fijesust's ghost
 35554 | Elf:2    | Found a runed translucent gate.
 35554 | Elf:2    | Found a runed translucent gate.
 35554 | Elf:2    | Found a runed translucent gate.
 35614 | Abyss:3  | Cast into level 3 of the Abyss (a deep elf sorcerer)
 35680 | Elf:2    | Escaped the Abyss
 35817 | Elf:2    | Reached skill level 10 in Stealth
 36420 | Vaults:2 | Reached XP level 21. HP: 155/155 MP: 25/29
 36775 | Vaults:2 | Identified the +3 falchion of Huru {venom, Int+5}
 36987 | Vaults:2 | Killed Xtahua
 39475 | Vaults:4 | Reached XP level 22. HP: 164/164 MP: 25/30
 39499 | Vaults:4 | Identified the +0 acid dragon scales of Entitlement {rPois
                  | rCorr}
 39519 | Vaults:4 | Identified the +2 orcbow "Qara" {speed, rPois rF+ Will+
                  | Stlth+}
 39525 | Vaults:4 | Noticed an ancient lich
 39531 | Vaults:4 | Killed an ancient lich
 39749 | Vaults:4 | Reached skill level 10 in Hexes
 40592 | D:1      | Upgraded the game from 0.31.0-4-g52a2dc7128 to
                  | 0.31.0-7-gf635a9b802
 41121 | Vaults:5 | Entered Level 5 of the Vaults
 41523 | Vaults:1 | You paid a toll of a +5 demon whip to enter a treasure
                  | trove
 41524 | Trove    | Entered a treasure trove
 41526 | Trove    | Found a bloodstained altar of Trog.
 41529 | Trove    | Found the +9 sword of Power {lifebolt}
 41554 | Trove    | Identified the +7 hand cannon of Benuot {heavy, Fly rElec
                  | Int+4}
 41556 | Trove    | Identified the +4 triple crossbow "Iqimazu" {speed, Dex+2}
 41559 | Trove    | Identified the +5 sling "Bofik" {flame, Int+4 Dex+3}
 41582 | Trove    | Identified the +4 longbow "Nofilam" {drain, rElec rPois
                  | Str+4 Int+3}
 41974 | Elf:3    | Entered Level 3 of the Elven Halls
 42092 | Abyss:3  | Found a corrupted altar of Lugonu.
 42092 | Abyss:3  | Cast into level 3 of the Abyss (a deep elf sorcerer)
 42174 | Abyss:3  | Lost mutation: You have an increased reservoir of magic.
                  | (+10% MP) [a neqoxec]
 42207 | Elf:3    | Escaped the Abyss
 43763 | Vaults:4 | Learned a level 3 spell: Volatile Blastmotes
 43890 | Vaults:5 | Learned a level 5 spell: Summon Forest
 43925 | Vaults:5 | Identified the +2 glaive "Dawaj" {protect, Fly rElec rPois
                  | Int-2}
 44271 | Vaults:5 | Reached XP level 23. HP: 171/171 MP: 29/29
 44519 | Vaults:5 | Identified the ring "Ylenwack" {+Blink rC+}
 44520 | Vaults:5 | Noticed an ancient lich
 44526 | Vaults:5 | Killed an ancient lich
 44560 | Vaults:5 | Identified the ring of the Tempest {rC+ Int+4}
 44749 | Vaults:5 | Got a silver rune of Zot
 44893 | Vaults:5 | Identified the +8 mace of Zoxu {venom, Int+8}
 45064 | Vaults:5 | Noticed a golden dragon
 45070 | Vaults:5 | Killed a golden dragon
 45268 | Vaults:5 | Identified the +5 spear of the Fray {venom, rC+ Int+2 SInv}
 45576 | Vaults:5 | Noticed a golden dragon
 45579 | Vaults:5 | Killed a golden dragon
 45718 | Crypt:1  | Entered Level 1 of the Crypt
 45996 | Depths:1 | Entered Level 1 of the Depths
 46043 | Depths:1 | Noticed Nikola
 46047 | Depths:1 | Found a radiant altar of Vehumet.
 46053 | Depths:1 | Killed Nikola
 46121 | Depths:1 | Noticed Sojobo
 46132 | Depths:1 | Killed Sojobo
 46278 | Depths:1 | Found Ihuaph's Antique Weapon Shoppe.
 46491 | Depths:1 | Noticed the Enchantress
 46496 | Depths:1 | Killed the Enchantress
 46663 | Depths:1 | Found a gateway to Hell.
 47258 | Depths:2 | Found Athroegh's Jewellery Emporium.
 47264 | Depths:2 | Bought the ring "Orihujul" {Slay+5 SInv} for 731 gold
                  | pieces
 47464 | Depths:2 | Found a one-way gate leading to the halls of Pandemonium.
 47926 | Depths:2 | Reached XP level 24. HP: 180/180 MP: 22/29
 48016 | Depths:2 | Identified the amulet "Caxem" {Spirit rC+ MP+9 Int-3
                  | Stlth+}
 48388 | Depths:3 | Found a flickering gateway to a bazaar.
 48399 | Bazaar   | Entered a bazaar
 48414 | Bazaar   | Found Irubb's Jewellery Boutique.
 48422 | Bazaar   | Bought a ring of resist corrosion for 180 gold pieces
 48433 | Bazaar   | Found Coxaunid's Book Emporium.
 48442 | Bazaar   | Bought a manual of Hexes for 800 gold pieces
 48442 | Bazaar   | Bought a book of Spatial Translocations for 180 gold pieces
 48442 | Bazaar   | Bought a book of Burglary for 220 gold pieces
 48445 | Bazaar   | Learned a level 2 spell: Blink
 48449 | Bazaar   | Learned a level 3 spell: Swiftness
 48486 | Bazaar   | Found Yfad's Antique Armour Boutique.
 48510 | Bazaar   | Found Woryatyg's Antique Armour Shoppe.
 48551 | Depths:3 | Found Rihimi's General Store.
 48720 | Depths:3 | Found Juohifil's Antique Armour Shoppe.
 48724 | Depths:3 | Found a one-way gate to the infinite horrors of the Abyss.
 48761 | Depths:3 | Found a one-way gateway to a ziggurat.
 48876 | Depths:3 | Identified the +1 leather armour "Xayxegibb" {Dex+5 Stlth+}
 49224 | Depths:3 | Noticed a caustic shrike
 49224 | Depths:3 | Noticed a caustic shrike
 49224 | Depths:3 | Noticed a caustic shrike
 49226 | Depths:3 | Killed a caustic shrike
 49228 | Depths:3 | Killed a caustic shrike
 49234 | Depths:3 | Killed a caustic shrike
 49287 | Depths:3 | Identified the amulet "Jesuerorph" {Reflect Rampage rPois
                  | Dex+2 SH+5}
 49289 | Depths:3 | Identified the ring of Azalys {Fly Dex+2}
 50010 | Depths:3 | Identified the staff of the Lumpy Princes {rN+ Int+2 Stlth+
                  | Necro}
 50106 | Depths:4 | Entered Level 4 of the Depths
 50332 | Depths:4 | Reached XP level 25. HP: 80/186 MP: 19/29
 50483 | Depths:4 | Found a white marble altar of Elyvilon.
 50763 | Depths:4 | Reached skill level 15 in Translocations
 51008 | Depths:4 | Found a gate to the Realm of Zot.
 51512 | Crypt:1  | Reached skill level 1 in Summonings
 51851 | Crypt:1  | Identified the +9 trident "Nuetudgh" {holy, +Blink Will+
                  | Int+4}
 51991 | Crypt:1  | You are sucked into a shaft and drop 1 floor!
 52862 | Crypt:2  | Found a runed translucent door.
 52898 | Crypt:2  | Noticed yalue's ghost (adept MiFi)
 53106 | Crypt:2  | Killed yalue's ghost
 54249 | Crypt:3  | Entered Level 3 of the Crypt
 54593 | Crypt:3  | Noticed a dread lich
 54597 | Crypt:3  | Noticed an ancient lich
 54602 | Crypt:3  | Killed an ancient lich
 54602 | Crypt:3  | Killed a dread lich
 54611 | Crypt:3  | Got Ereshkigal's Precepts of Malevolent Secrets
 54647 | Crypt:3  | Identified the ring "Keif" {rN+ Slay+5}
 54647 | Crypt:3  | Identified the ring of Fufa {rPois rN+}
 54651 | Crypt:3  | Identified the +8 shortbow "Eqizoagg" {flame, rF++ Str+7}
 54890 | Crypt:3  | Found a staircase to the Tomb.
 55615 | Elf:3    | Reached XP level 26. HP: 179/192 MP: 15/29
 55787 | Elf:3    | Identified the ring "Xouppi" {rPois rF+ Will- Str-2 SInv}
 56185 | Elf:3    | Paralysed by an air elemental for 1 turns
 56265 | Elf:3    | Identified the +1 leather armour of the Wicked God {Will++
                  | MP-9 Dex+3 SInv}
 56279 | Elf:3    | Got the Anthology of Accomplices and Despair
 56289 | Elf:3    | Got the Codex of Hermetica and Momentum
 56309 | Elf:3    | Identified the staff of Triumph {rN+ Conj Earth}
 56349 | Elf:3    | Identified the ring of Galor {rElec rC+ Str-5 Int+8 Dex-4}
 56351 | Elf:3    | Identified the dragon-blood talisman "Ongiopy" {rF+}
 56366 | Elf:3    | Identified the +6 mace of the Blind Eye {holy, rPois rN+
                  | SInv}
 56753 | Elf:2    | Identified the serpent talisman "Elum" {rCorr Str+6}
 56753 | Elf:2    | Noticed Aizul
 56762 | Elf:2    | Killed Aizul
 56884 | Elf:2    | Reached skill level 1 in Fire Magic
 56892 | Elf:2    | Reached skill level 1 in Evocations
 56894 | Elf:2    | Reached skill level 1 in Air Magic
 57431 | Slime:2  | Gained mutation: You occasionally shout uncontrollably at
                  | your foes. [a shining eye]
 57470 | Slime:2  | Gained mutation: Your health recovers twice as slowly from
                  | being drained. [a shining eye]
 57899 | Slime:1  | Gained mutation: You are frail. (-10% HP) [a shining eye]
 58402 | Slime:4  | Lost mutation: You are frail. (-10% HP) [a shining eye]
 58404 | Slime:4  | Gained mutation: You are vulnerable to heat. (rF-) [a
                  | shining eye]
 58406 | Slime:4  | Gained mutation: You are frail. (-10% HP) [a shining eye]
 58627 | Slime:5  | Entered Level 5 of the Pits of Slime
 58810 | Slime:5  | Noticed the Royal Jelly
 58818 | Slime:5  | Killed the Royal Jelly
 59253 | Slime:5  | Reached skill level 15 in Dodging
 59392 | Slime:5  | Got the Opusculum on Fire and Bewitchment
 59598 | Slime:5  | Identified the staff "Babureh" {rPois rF+ Summ Fire}
 59609 | Slime:5  | Got a slimy rune of Zot
 59610 | Slime:5  | Identified the +1 lajatang "Afocanwo" {speed, *Corrode
                  | Str+3 Dex+5 SInv}
 59618 | Slime:5  | Identified the +6 orcbow of the Sky {freeze, rCorr Str+3
                  | Stlth+}
 59619 | Slime:5  | Identified the +3 dagger of Duisin {antimagic, rElec Str+3}
 59639 | Slime:5  | Identified the +3 leather armour "Tenwueh" {Harm rF- Regen+
                  | Str+2}
 59814 | Slime:5  | Identified the staff of the Hurting Goat {Fly rC+ Int-2
                  | Dex+4 Stlth+ Ice}
 60232 | Slime:3  | Reached skill level 15 in Hexes
 60251 | Slime:3  | Lost mutation: You passively dampen the noise of your
                  | surroundings. [potion of mutation]
 60251 | Slime:3  | Lost mutation: Your health recovers twice as slowly from
                  | being drained. [potion of mutation]
 60251 | Slime:3  | Lost mutation: You occasionally shout uncontrollably at
                  | your foes. [potion of mutation]
 60251 | Slime:3  | Gained mutation: One of your tentacles bears a nasty spike.
                  | [potion of mutation]
 60251 | Slime:3  | Gained mutation: You are partially covered in iridescent
                  | scales. (AC +2) [potion of mutation]
 60252 | Slime:3  | Lost mutation: One of your tentacles bears a nasty spike.
                  | [potion of mutation]
 60252 | Slime:3  | Lost mutation: Your system is resistant to poisons. (rPois)
                  | [potion of mutation]
 60252 | Slime:3  | Gained mutation: Your muscles are strong. (Str +4, Int/Dex
                  | -1) [potion of mutation]
 60253 | Slime:3  | Lost mutation: One of your tentacles bears a spike. [potion
                  | of mutation]
 60253 | Slime:3  | Lost mutation: You are vulnerable to heat. (rF-) [potion of
                  | mutation]
 60253 | Slime:3  | Lost mutation: You possess an exceptional clarity of mind.
                  | [potion of mutation]
 60253 | Slime:3  | Gained mutation: You are clumsy. (Dex -2) [potion of
                  | mutation]
 60254 | Slime:3  | Lost mutation: You are partially covered in iridescent
                  | scales. (AC +2) [potion of mutation]
 60254 | Slime:3  | Lost mutation: You are clumsy. (Dex -2) [potion of
                  | mutation]
 60254 | Slime:3  | Gained mutation: Your body sometimes deteriorates upon
                  | taking damage. [potion of mutation]
 60254 | Slime:3  | Gained mutation: One of your tentacles bears a spike.
                  | [potion of mutation]
 60254 | Slime:3  | Gained mutation: You are covered in fur. (AC +1) [potion of
                  | mutation]
 60255 | Slime:3  | Lost mutation: You are frail. (-10% HP) [potion of
                  | mutation]
 60255 | Slime:3  | Lost mutation: Your body sometimes deteriorates upon taking
                  | damage. [potion of mutation]
 60255 | Slime:3  | Lost mutation: One of your tentacles bears a spike. [potion
                  | of mutation]
 60255 | Slime:3  | Gained mutation: You possess an exceptional clarity of
                  | mind. [potion of mutation]
 60255 | Slime:3  | Gained mutation: You are resistant to electric shocks.
                  | (rElec) [potion of mutation]
 60255 | Slime:3  | Gained mutation: Your mind is acute. (Int +4, Str/Dex -1)
                  | [potion of mutation]
 60255 | Slime:3  | Gained mutation: You passively dampen the noise of your
                  | surroundings. [potion of mutation]
 60822 | Tomb:1   | Entered Level 1 of the Tomb of the Ancients
 61092 | Tomb:1   | Reached XP level 27. HP: 198/198 MP: 29/29
 61669 | Tomb:1   | Noticed a royal mummy
 61675 | Tomb:1   | Killed a royal mummy
 62507 | Depths:3 | Voluntarily entered the Abyss.
 62566 | Abyss:3  | Found a corrupted altar of Lugonu.
 62659 | Abyss:3  | Got an abyssal rune of Zot
 62745 | Abyss:3  | Found a corrupted altar of Lugonu.
 62864 | Abyss:3  | Found a corrupted altar of Lugonu.
 62950 | Abyss:3  | Found a corrupted altar of Lugonu.
 63378 | Depths:3 | Escaped the Abyss
 63455 | Hell     | Entered the Vestibule of Hell
 63455 | Hell     | Noticed Geryon
 63465 | Hell     | Killed Geryon
 63466 | Hell     | Reached skill level 27 in Ranged Weapons
 63620 | Hell     | Found a gateway to the freezing wastes of Cocytus.
 63627 | Hell     | Noticed Murray
 63635 | Hell     | Killed Murray
 63671 | Hell     | Reached skill level 5 in Spellcasting
 63780 | Hell     | Found a gateway to the Iron City of Dis.
 63797 | Hell     | Reached skill level 27 in Fighting
 64108 | Hell     | Found a gateway to the decaying netherworld of Tartarus.
 64110 | Hell     | Noticed a dread lich
 64117 | Hell     | Killed a dread lich
 64155 | Hell     | Found a gateway to the ashen valley of Gehenna.
 64340 | Zot:1    | Entered Level 1 of the Realm of Zot
 66187 | Zot:2    | Noticed an orb of fire
 66192 | Zot:2    | Killed an orb of fire
 66471 | Zot:3    | Found a transporter.
 66566 | Zot:3    | Found an opulent altar of Gozag.
 66590 | Zot:3    | Found an opulent altar of Gozag.
 66814 | Zot:3    | Found an opulent altar of Gozag.
 67039 | Zot:3    | Found a transporter.
 68691 | Zot:4    | Found a stormy altar of Qazlal.
 68706 | Zot:4    | Got the Vellum of the Zealot
 68719 | Zot:4    | Got Ythret's Parchment of Fire and Brimstone
 68974 | Zot:5    | Entered Level 5 of the Realm of Zot
 69101 | Zot:5    | Noticed an orb of fire
 69104 | Zot:5    | Noticed a dread lich
 69106 | Zot:5    | Noticed an orb of fire
 69107 | Zot:5    | Killed a dread lich
 69109 | Zot:5    | Noticed a dread lich
 69109 | Zot:5    | Killed an orb of fire
 69109 | Zot:5    | Noticed an orb of fire
 69112 | Zot:5    | Noticed an orb of fire
 69113 | Zot:5    | Noticed an ancient lich
 69118 | Zot:5    | Killed an orb of fire
 69122 | Zot:5    | Killed an ancient lich
 69146 | Zot:5    | Noticed an orb of fire
 69146 | Zot:5    | Gained mutation: Your health recovers twice as slowly from
                  | being drained. [an orb of fire]
 69509 | Zot:5    | Killed an orb of fire
 69535 | Zot:5    | Killed a dread lich
 69554 | Zot:5    | Gained mutation: Your magical capacity is low. (-10% MP)
                  | [an orb of fire]
 69556 | Zot:5    | Killed an orb of fire
 69594 | Zot:5    | Gained mutation: Your magical capacity is very low. (-20%
                  | MP) [an orb of fire]
 69596 | Zot:5    | Killed an orb of fire
 69726 | Zot:5    | Noticed an orb of fire
 69734 | Zot:5    | Killed an orb of fire
 69734 | Zot:5    | Noticed an orb of fire
 69739 | Zot:5    | Killed an orb of fire
 69746 | Zot:5    | Noticed an orb of fire
 69752 | Zot:5    | Killed an orb of fire
 69753 | Zot:5    | Noticed an orb of fire
 69763 | Zot:5    | Killed an orb of fire
 69764 | Zot:5    | Reached skill level 10 in Invocations
 70164 | Zot:5    | Got the Orb of Zot
 70373 | Zot:1    | Noticed Gofoynki the pandemonium lord
 70379 | Zot:1    | Killed Gofoynki the pandemonium lord
 70385 | Zot:1    | Noticed Sunatt Bocyts the pandemonium lord
 70389 | Zot:1    | Killed Sunatt Bocyts the pandemonium lord
 70506 | D:12     | Noticed Xac Tasu the pandemonium lord
 70513 | D:12     | Killed Xac Tasu the pandemonium lord
 70728 | D:4      | Noticed Hualebba the pandemonium lord
 70738 | D:4      | Killed Hualebba the pandemonium lord
 70762 | D:3      | Noticed Urigeuci the pandemonium lord
 70767 | D:3      | Killed Urigeuci the pandemonium lord
 70861 | D:$      | Escaped with the Orb!

Illustrated notes

Levels and vault maps discovered:
D:1:      lightli_molten_gateway, layout_basic,
          hellmonk_ecumenical_altar_run_dry, minivault_26, nrook_mini_vaults,
          minivault_25, minmay_tetromino_i2
D:2:      layout_basic, basic_altar, grunt_ministairs_13,
          minmay_misc_feat_square
D:3:      layout_basic, palyth_temple_overflow_mages, fedhas_altar_1,
          serial_rivers, chequers_serial_rivers_large_b,
          chequers_serial_rivers_micro_d, chequers_serial_rivers_small_b,
          chequers_serial_rivers_small_3, uniq_grinder
D:4:      layout_loops_corners, minmay_temple_entry_stoned_glass,
          saegor_snake_ambush, uniq_ijyb
D:5:      layout_basic, serial_bayou_pond_d, hangedman_abyss_or_decor_stabs,
          minmay_ogre_servants
D:6:      layout_basic, cheibrodos_worm_habitat, uniq_pikel
D:7:      layout_cave_pods, serial_shops, nicolae_shop_tiny_real_fake_doors,
          uniq_maggie, uniq_crazy_yiuf_cottage, uniq_maurice
D:8:      layout_basic, evilmike_ruin_ashenzari, serial_shops,
          nicolae_shop_stone, uniq_amaemon
D:9:      layout_small_grid, nicolae_overflow_crystal_walls,
          makhleb_altar_promises_db, minmay_overflow_temple_star_quad
D:10:     layout_loops_ring, lair_entry_dummy, gammafunk_ghost_hydra_chop,
          minmay_ruined_shrine
D:11:     layout_roguey, orc_0_dummy, special_room [special_room_orc]
D:12:     layout_rooms, minmay_misc_feat_ornament, grunt_ministairs_15,
          dreamdust_princess_corridor, xom_shifter_show
D:13:     layout_stronghold, david_vaults_5, minmay_gold_behind_fungi,
          minmay_misc_feat_room
D:14:     layout_cave_pools, minmay_staircase_bubble, minmay_circle_x
D:15:     hellmonk_depths_entry_around_the_bend, layout_basic, minivault_14,
          nrook_loot_triangle
Temple:   hellmonk_temple_divided_pantheon
Lair:1:   layout_regular_city, uniq_gastronok
Lair:2:   layout_roguey, mainiacjoe_swamp_entry_angry_trees, basic_altar
Lair:3:   layout_misc_corridors, hellmonk_spider_entry_not_the_bees,
          grunt_megastairs_4
Lair:4:   layout_regular_city, dpeg_slime_entry_enclosed, serial_bayou_shore_b,
          grunt_megastairs_1, infiniplex_staircase_pool
Lair:5:   guppyfry_lair_end_dragon, layout_regular_city,
          hangedman_lair_in_review, gauntlet_entry_generic, uniq_nessos
Swamp:1:  layout_basic_swamp, evilmike_swamp_ruin_house_4
Swamp:2:  layout_basic_swamp, evilmike_swamp_ruin_rubble_1
Swamp:3:  layout_basic_swamp, nicolae_swamp_decorative_isthmus, swamp_pool_3,
          hangedman_swamp_cone
Swamp:4:  swamp_vile, layout_basic_swamp
Spider:1: layout_spider_delve, hellmonk_test_site, uniq_asterion
Spider:2: layout_spider_delve
Spider:3: gammafunk_sealed_arena
Spider:4: floodkiller_spider_rune_tomb, lemuel_hornet_nest
Slime:1:  layout_caves
Slime:2:  layout_caves
Slime:3:  layout_caves
Slime:4:  layout_caves
Slime:5:  slime_pit_nicolae_trefoil
Orc:1:    layout_caves, serial_shops, nicolae_shop_advertising_works
          [nicolae_subvault_shop_adworks], uniq_erolcha, uniq_fannar
Orc:2:    st_orc_elflike, layout_caves, basic_altar, serial_shops, shop_coins
Elf:1:    nicolae_elf_arrival_aired_out, layout_loops_cross,
          hellmonk_ghost_big_iron, serial_shops, bzr_entry_gold,
          minmay_elf_sorcery
Elf:2:    elven_hall_of_blades_hangedman_original [nooodl_blade_entry_preview],
          layout_geoelf_grid, uniq_aizul
Elf:3:    minmay_elf_hall_curves, layout_geoelf_grid, hex_medium,
          serial_library_hellmonk_filled_rooms, elves_outpost_lemuel
Vaults:1: nicolae_vaults_house_2, vaults_room_pool, v_rooms_5,
          nicolae_vaults_taking_the_gang_shopping, hangedman_vaults_nails,
          grunt_vaults_diagonal, vaults_room_corners, nicolae_vaults_turnstiles,
          nicolae_vaults_ellipses_ellipsis, nicolae_vaults_lightning_bolt,
          vaults_mumra_lcd, nicolae_vaults_angled_halls, nicolae_vaults_house_3,
          vaults_room_stairs_pillars, nicolae_vaults_trapezoid_1,
          hangedman_vaults_corner_blocks, nicolae_vaults_enemy_cabinets,
          layout_vaults_ring, nicolae_trove_entry_columns
Vaults:2: nicolae_vaults_arrows, nicolae_vaults_tangent_ellipses,
          grunt_vaults_funnel, v_alt_pattern_5,
          nicolae_vaults_trapezoid_lopsided_2, vaults_room_fours,
          nicolae_vaults_offset_grid_hallway_4, vaults_room_semicircle,
          ontoclasm_vaults_chip, v_misc_24, nicolae_vaults_tetromino_L_2,
          nicolae_vaults_tetromino_Z_1, nicolae_vaults_specimen_jars,
          layout_vaults_big_cross, uniq_mara, uniq_xtahua
Vaults:3: nicolae_vaults_sealed_display, nicolae_vaults_closet_pinwheel_6,
          nicolae_vaults_heart-shaped_vault, grunt_vaults_focal,
          nicolae_vaults_twisting_passages, nicolae_vaults_murder_corner,
          v_misc_5, hangedman_vaults_stagger, nicolae_vaults_diamond_1,
          nicolae_vaults_oval_intersection, v_misc_15, layout_vaults_big_room
Vaults:4: nicolae_vaults_what_the_h, nicolae_vaults_weapon_check,
          nicolae_vaults_little_ls, vaults_room_pools, v_misc_18,
          vaults_room_hangedman_quadrants, vaults_dpeg_cross,
          nicolae_vaults_storage_room_statues, v_misc_17, layout_vaults_omnigrid
Vaults:5: serial_shops
Crypt:1:  layout_rooms, serial_sigils_hangedman_quiver
Crypt:2:  layout_misc_corridors, gammafunk_ghost_grave, minmay_misc_feat_alley,
          corexii_hall_statues_x, st_stairs_3, lemuel_dead_fish_pool
Crypt:3:  david_glass_crypt, layout_rooms,
          nicolae_tomb_entry_unfolded_pyramid_diagonal, uniq_margery
Tomb:1
Depths:1: layout_cave_shapes, hell_entry, serial_shops, shop,
          nicolae_vehumet_radiance, hangedman_decor_cross_pass, uniq_nikola,
          uniq_sojobo, uniq_enchantress
Depths:2: evilmike_lava_path, layout_gridville, pf_hell_entry_tar_spiral,
          rand_demon_pan_entry_5, minmay_misc_feat_tiny, serial_shops,
          nicolae_shop_hallway_stairs, ebering_dispersal_statue_hall,
          grunt_ministairs_5, serial_bayou_shore_b,
          infiniplex_staircase_zigzag_2
Depths:3: grunt_twisty_corner, layout_small_grid, enter_ziggurat_a,
          pf_hell_entry_great_geh, abyss_entry,
          infiniplex_staircase_hallway_doors, serial_shops, bzr_entry_islet,
          shop, shop, nicolae_fountain_basement
Depths:4: evilmike_zot_entry_basic, layout_twisted_cross, elyvilon_altar_3,
          grunt_mini_vestibule
Hell
Zot:1:    layout_gridlike, regret_index_zotdec_zees, grunt_megastairs_3
Zot:2:    grunt_zot_stairs_mandelzot, layout_gridlike,
          regret_index_zotdec_obsidian_hm, lemuel_golem_globe
Zot:3:    gammafunk_its_a_trap, layout_concentric_octagons,
          regret_index_zotdec_silver_v_v_loose, hangedman_snake_sidewinding
Zot:4:    nicolae_zot_draconian_monastery, layout_gridlike, skrybe_zot_glass_2
Zot:5:    layout_misc_corridors

Skill      XL: |  1  2  3  4  5  6  7  8  9 10 11 12 13 14 15 16 17 18 19 20 21 22 23 24 25 26 27 |
---------------+----------------------------------------------------------------------------------+-----
Stealth        | 2 3 4 5 6 7 8 9 10 11 13 | 13.1
Ranged Weapons | 5 6 7 8 10 12 14 15 16 18 19 20 22 24 26 27 | 27.0
Fighting       | 3 4 5 6 8 11 14 15 16 18 20 22 23 24 25 26 27 | 27.0
Dodging        | 3 4 5 7 8 9 10 11 12 13 14 15 26 | 26.0
Invocations    | 2 3 4 5 7 10 | 10.0
Translocations | 7 9 10 11 12 13 14 19 20 | 20.0
Hexes          | 1 2 5 7 8 9 10 11 15 18 | 18.0
Spellcasting   | 1 4 7 |  7.0
Conjurations   | 1 2 3 |  3.0
Summonings     | 2 3 |  3.0
Fire Magic     | 3 |  3.0
Evocations     | 1 |  1.0
Air Magic      | 2 |  2.0

Action                     |  1- 3 |  4- 6 |  7- 9 | 10-12 | 13-15 | 16-18 | 19-21 | 22-24 | 25-27 || total
---------------------------+-------+-------+-------+-------+-------+-------+-------+-------+-------++-------
   Fire: Shortbow          |    64 |   211 |   322 |   408 |   621 |       |       |       |       ||  1626
         Orcbow            |       |       |       |   235 |       |       |       |       |       ||   235
         Longbow           |       |       |       |       |   487 |  1146 |   333 |       |       ||  1966
         Arbalest          |       |       |       |       |       |       |   712 |    76 |       ||   788
         Triple crossbow   |       |       |       |       |       |       |       |   828 |  2135 ||  2963
         Hand cannon       |       |       |       |       |       |       |       |     4 |    21 ||    25
   Cast: Dimensional Bulls |       |       |       |       |     3 |    66 |   117 |    99 |   249 ||   534
         Teleport Other    |       |       |       |       |       |    14 |       |     3 |       ||    17
         Dazzling Flash    |       |       |       |       |       |     2 |       |       |       ||     2
         Iskenderun's Myst |       |       |       |       |       |     4 |     5 |    10 |     3 ||    22
         Cause Fear        |       |       |       |       |       |       |       |     4 |       ||     4
         Volatile Blastmot |       |       |       |       |       |       |       |     3 |       ||     3
         Summon Forest     |       |       |       |       |       |       |       |     1 |     1 ||     2
         Blink             |       |       |       |       |       |       |       |     4 |    13 ||    17
 Invoke: Recall Ancestor   |       |     2 |       |       |     9 |     3 |     5 |     3 |    10 ||    32
         Ancestor Identity |       |     1 |       |       |       |       |       |       |       ||     1
         Ancestor Life: Kn |       |       |     1 |       |       |       |       |       |       ||     1
         Idealise          |       |       |       |     3 |     5 |     6 |     1 |     3 |     2 ||    20
         Transference      |       |       |       |       |     7 |     4 |     1 |     4 |       ||    16
Ability: Evoke Blink       |       |       |       |       |       |       |       |       |     1 ||     1
  Evoke: Box of beasts     |       |       |       |     2 |       |     1 |     1 |       |       ||     4
         Wand              |       |       |       |     1 |     1 |       |     1 |       |       ||     3
    Use: Potion            |       |     2 |     4 |     5 |     5 |     6 |     7 |     6 |    12 ||    47
         Scroll            |       |     3 |     6 |    12 |    11 |     9 |     7 |    14 |    10 ||    72
 Armour: Skin              |     8 |    29 |    27 |    41 |   123 |   110 |   153 |   193 |   213 ||   897
  Dodge: Dodged            |    12 |    65 |    26 |    78 |   270 |   260 |   330 |   331 |   395 ||  1767
